 Dungeon Crawl Stone Soup version 0.30.0-16-gbe6223bb7e (webtiles) character file.

Game seed: 15214174168790026762

160 Zdeegee the Sneak (level 5, -1/35 HPs)
             Began as an Octopode Brigand on May 21, 2023.
             Killed from afar by a white imp (13 damage)
             ... with a puff of frost
             ... summoned by Eustachio
             ... on level 5 of the Dungeon.
             The game lasted 00:05:58 (2518 turns).

Zdeegee the Sneak (Octopode Brigand)                Turns: 2518, Time: 00:05:58

Health: -1/35      AC:  1    Str: 11    XL:     5   Next: 41%
Magic:  14/14      EV: 13    Int: 13    God:
Gold:   85         SH:  0    Dex: 15    Spells: 4/4 levels left

rFire   . . .        l - +2 short sword (flame)
rCold   . . .        (no shield)
rNeg    . . .        (helmet restricted)
rPois   .            (no amulet)
rElec   .            p - ring of magical power
rCorr   .            (no ring)
SInv    .            (no ring)
Will    .....        (no ring)
Stlth   ++++++       (no ring)
HPRegen 0.25/turn    (no ring)
MPRegen 0.14/turn    (no ring)
                     (no ring)

%: no passive effects
@: no status effects
A: almost no armour, amphibious, 8 rings, camouflage 1, gelatinous body 1,
nimble swimmer 1, tentacles
a: no special abilities


You were on level 5 of the Dungeon.
You visited 1 branch of the dungeon, and saw 5 of its levels.

You collected 85 gold pieces.

Inventory:

Hand Weapons
 a - a +2 dagger
 k - a +1 dagger of pain
 l - a +2 short sword of flaming (weapon)
Missiles
 b - 9 poisoned darts (quivered)
 c - 3 curare-tipped darts
 m - 2 atropa-tipped darts
Jewellery
 p - a ring of magical power (left tentacle)
Scrolls
 f - 2 scrolls of identify
 o - a scroll of enchant weapon
Potions
 d - a potion of curing {unknown}
 g - a potion of ambrosia
 n - 2 potions of attraction
 r - a potion of degeneration
 s - a potion of berserk rage
 t - a potion of might


   Skills:
 * Level 2.3 Fighting
 * Level 2.4 Short Blades
 + Level 2.0 Throwing
 * Level 2.0 Dodging
 * Level 7.3 Stealth
 * Level 1.2 Hexes
 * Level 1.0 Invocations
 * Level 1.2 Evocations


You had 4 spell levels left.
You didn't know any spells.
Your spell library contained the following spells:

 Spells                   Type           Power      Damage    Failure   Level
 Freeze                   Ice            0%         1d3       30%         1
 Portal Projectile        Hex/Tloc       2%         N/A       58%         3
 Call Canine Familiar     Summ           0%         N/A       67%         3
 Frozen Ramparts          Ice            0%         1d1       67%         3
 Hailstorm                Conj/Ice       0%         3d3       67%         3
 Leda's Liquefaction      Hex/Erth       0%         N/A       94%         4


Dungeon Overview and Level Annotations

Branches:
Dungeon (5/15)
 Temple: D:4-7

Altars:
Nemelex Xobeh

Portals:
Sewer: D:5

Annotations:
D:5 Eustachio


Innate Abilities, Weirdness & Mutations

You cannot wear most types of armour.
You are amphibious.
You can wear up to eight rings at the same time.
Your skin changes colour to match your surroundings (Stealth+).
Your rubbery body absorbs attacks. (AC +1, EV +1)
You are camouflaged when in or above water. (Stealth+)
You have tentacles for arms and can constrict up to eight enemies at once.


Message History

You constrict Eustachio.
The shadow imp disappears in a puff of smoke!
The quasit disappears in a puff of smoke!
The crimson imp barely misses you. The ufetubus barely misses you.
The ufetubus splashes around in the water.
The river rat bites you. Eustachio closely misses you.
You hit Eustachio. You burn Eustachio. You squeeze Eustachio!
Eustachio is almost dead.
You constrict Eustachio. The crimson imp hits you.
The river rat bites you but does no damage.
Eustachio casts a spell.
Eustachio blinks free!
Unknown command.
You hit the crimson imp. You grab the crimson imp.
The crimson imp is moderately wounded.
You constrict the crimson imp. The crimson imp misses you.
The river rat barely misses you.
Eustachio casts a spell.
Eustachio blinks!
Unknown command.
You barely miss the crimson imp. Your squeeze misses the crimson imp.
The crimson imp is moderately wounded.
You constrict the crimson imp. The white imp gestures at you.
The puff of frost hits you! The crimson imp misses you.
Eustachio casts a spell.
Eustachio blinks!
The river rat bites you.
You are too injured to fight recklessly!
Unknown command.
You are too injured to fight recklessly!
Unknown command.
You are too injured to fight recklessly!
Unknown command.
You are too injured to fight recklessly!
Unknown command.
You release your grip on the crimson imp.
Found a stone staircase leading up.
The white imp gestures at you. The puff of frost hits you!
You die...

#< #. ## #.
.### ..
...#### #.
../.... #.
~~.~~#
#.##5~.~~##
#.@~5....≈~
#~~5r....~§
#......∩..≈~
#...~~...~.~≈
#.#.~~.....≈~
#.#.##≈≈~≈~##
# #. ~~~~~#
#. §.....


You could see a crimson imp (summoned), a river rat, a white imp (summoned) and
an ufetubus (summoned).

Vanquished Creatures
  8 adders
  An adder zombie (D:3)
  2 worms
  2 dart slugs
  An orc (D:3)
  8 bats
  5 endoplasms
  2 giant cockroaches (D:3)
  8 goblins
  7 hobgoblins
  6 quokkas
  7 ball pythons
  A ball python skeleton (D:3)
  6 frilled lizards
  A giant cockroach zombie (D:3)
  A jackal skeleton (D:3)
  2 kobolds (D:2)
  A quokka skeleton (D:3)
  5 rats
74 creatures vanquished.

Notes
Turn   | Place    | Note
-------+----------+-------------------------------------------
     0 | D:1      | Zdeegee the Octopode Brigand began the quest for the Orb.
     0 | D:1      | Reached XP level 1. HP: 14/14 MP: 1/1
    24 | D:1      | Reached XP level 2. HP: 19/19 MP: 2/2
   290 | D:1      | Reached skill level 6 in Stealth
   290 | D:1      | Reached XP level 3. HP: 18/24 MP: 3/3
   496 | D:2      | Reached XP level 4. HP: 17/29 MP: 4/4
   565 | D:2      | Found a sparkling altar of Nemelex Xobeh.
   746 | D:2      | Reached skill level 1 in Evocations
  1032 | D:2      | Reached skill level 1 in Hexes
  1540 | D:3      | You fall into a shaft and drop 1 floor!
  1598 | D:4      | Reached skill level 7 in Stealth
  1598 | D:4      | Reached XP level 5. HP: 34/34 MP: 5/5
  1687 | D:3      | Reached skill level 1 in Invocations
  2271 | D:5      | Entered Level 5 of the Dungeon
  2509 | D:5      | Found a glowing drain.
  2509 | D:5      | Noticed Eustachio
  2518 | D:5      | Killed from afar by a white imp

Illustrated notes

Levels and vault maps discovered:
D:1:      co_arrival_square_in_a_square_in_a_square, layout_basic
D:2:      layout_basic, basic_altar, nrook_campfire
D:3:      layout_rooms, serial_undead, serial_undead_b, serial_undead_e,
          serial_undead_b, serial_undead_c
D:4:      layout_rooms, minivault_5, hangedman_decor_diamond_cutter
D:5:      layout_basic, cheibrodos_sewer_entry_sluice, uniq_eustachio

Skill      XL: |  1  2  3  4  5 |
---------------+----------------+-----
Stealth        | 6 7 |  7.3
Evocations     | 1 |  1.2
Hexes          | 1 |  1.2
Invocations    | 1 |  1.0
Dodging        | 2 |  2.0
Fighting       | |  2.3
Short Blades   | |  2.4
Throwing       | |  2.0

Action                     |  1- 3 |  4- 6 || total
---------------------------+-------+-------++-------
  Melee: Dagger            |    45 |     1 ||    46
         Constrict         |     6 |    18 ||    24
         Tentacles         |     3 |    11 ||    14
         Punch             |     1 |       ||     1
         Short sword       |       |    85 ||    85
    Use: Scroll            |       |    13 ||    13
   Stab: Sleeping          |    16 |    21 ||    37
 Armour: Skin              |     5 |     3 ||     8
  Dodge: Dodged            |    24 |    45 ||    69
